 Dungeon Crawl Stone Soup version 0.21-a0-442-g848f44b (webtiles) character file.

40 tof the Twirler (level 3, -6/28 HPs)
             Began as a Demonspawn Gladiator on Nov 12, 2017.
             Mangled by a worm (10 damage)
             ... on level 2 of the Dungeon.
             The game lasted 00:01:00 (941 turns).

tof the Twirler (Demonspawn Gladiator)               Turns: 941, Time: 00:01:01

Health: -6/28      AC:  4    Str: 14    XL:     3   Next: 30%
Magic:  3/3        EV: 13    Int:  9    God:
Gold:   48         SH:  0    Dex: 15    Spells: 2/2 levels left

rFire    . . .     SeeInvis .   a - +0 quarterstaff
rCold    . . .     Gourm    .   (shield currently unavailable)
rNeg     . . .     Faith    .   b - +0 leather armour
rPois    .         Spirit   .   c - +0 helmet
rElec    .         Reflect  .   (no cloak)
rCorr    .         Harm     .   (no gloves)
MR       .....                  (no boots)
Stlth    +.........             (no amulet)
HPRegen  0.09/turn              (no ring)
MPRegen  0.08/turn              (no ring)

@: lethally poisoned (-6 -> -9)
A: powered by death 1
a: no special abilities


You were on level 2 of the Dungeon.
You were not hungry.

You visited 1 branch of the dungeon, and saw 2 of its levels.

You collected 48 gold pieces.

Inventory:

Hand Weapons
 a - a +0 quarterstaff (weapon)
Missiles
 d - 3 throwing nets (quivered)
Armour
 b - a +0 leather armour (worn)
 c - a +0 helmet (worn)
Scrolls
 g - a scroll of random uselessness {unknown}
 h - a scroll of recharging {unknown}
 k - a scroll of noise {unknown}
 l - a scroll of teleportation {unknown}
 n - 2 scrolls of enchant armour {unknown}
 o - a scroll of remove curse {unknown}
Potions
 e - a potion of flight {unknown}
 i - a potion of mutation {unknown}
 j - a potion of curing {unknown}
 p - a potion of degeneration {unknown}
Comestibles
 f - a bread ration


   Skills:
 + Level 2.4 Fighting
 * Level 3.2 Staves
 - Level 1.7 Throwing
 + Level 1.0 Armour
 + Level 3.0 Dodging


You had 2 spell levels left.
You didn't know any spells.

Dungeon Overview and Level Annotations

Branches:
Dungeon (2/15)

Altars:


Innate Abilities, Weirdness & Mutations

You regenerate a little health from kills.


Message History

You kill the adder!
Your Armour skill increases to level 1!
You feel sick. The worm bites you.
* * * LOW HITPOINT WARNING * * *
Found a scroll labeled BILLIHA WAUTUS.
You see here an adder corpse.
You hit the worm.
The worm is lightly wounded.
* * * LOW HITPOINT WARNING * * *
You feel sick. The worm misses you.
You completely miss the worm.
The worm is lightly wounded.
You hit the worm.
The worm is moderately wounded.
* * * LOW HITPOINT WARNING * * *
You feel sick. The worm closely misses you.
You hit the worm but do no damage.
The worm is lightly wounded.
The worm bites you!
You die...

.. .# ## # .# #.
#.#############
#.#####.##.........).
####....<)..)..#########
?..........##..#######
###.......###.........
.......@.......#######
.......w..#.#..#
#####...###.#..# #...#
#.#..# ##%## #.#..# #.
#.#..# #. #..... #.
###...


You could see a worm.

Vanquished Creatures
  An adder (D:2)
  A ball python (D:1)
  5 goblins (D:1)
  3 hobgoblins (D:1)
  4 jackals (D:1)
  5 kobolds
  3 bats
  3 frilled lizards
  5 rats (D:1)
30 creatures vanquished.

Notes
Turn   | Place    | Note
-------+----------+-------------------------------------------
     0 | D:1      | tof the Demonspawn Gladiator began the quest for the Orb.
     0 | D:1      | Reached XP level 1. HP: 16/16 MP: 1/1
   287 | D:1      | Gained mutation: You regenerate a little health from kills. [demonic ancestry]
   287 | D:1      | Reached XP level 2. HP: 17/22 MP: 2/2
   899 | D:2      | Reached XP level 3. HP: 28/28 MP: 3/3
   936 | D:2      | Reached skill level 1 in Armour
   941 | D:2      | Mangled by a worm

Vault maps used:
D:1:      lightli_arrival_boilingwater
D:2:      yredelemnul_altar_generic, grunt_qazlal_sundering,
          fedhas_altar_fruit_tree, uniq_sigmund

Skill      XL: |  1  2  3 |
---------------+----------+-----
Staves         | 3 |  3.2
Dodging        | 3 |  3.0
Armour         | 1 |  1.0
Fighting       | |  2.4
Throwing       | |  1.7

Action                   || total
-------------------------++-------
Melee: Quarterstaff      ||    94
Armor: Leather armour    ||    22
Dodge: Dodged            ||    54

Table legend:
 A = Spawn XP
 B = Non-spawn XP
 C = Spawn XP percentage of total XP
 D = Spawn monster count
 E = Non-spawn monster count
 F = Spawn count percentage of total count
 G = Total turns spent on level
                    A         B        C        D         E        F      G
               +---------+---------+-------+---------+---------+-------+---------
         Total |       0 |      58 |   0.0 |       0 |      30 |   0.0 |   941
               +---------+---------+-------+---------+---------+-------+---------
           D:1 |       0 |      40 |   0.0 |       0 |      25 |   0.0 |   864
           D:2 |       0 |      18 |   0.0 |       0 |       5 |   0.0 |    77
               +---------+---------+-------+---------+---------+-------+---------
